 Dungeon Crawl Stone Soup version 0.30.1-9-gdf580d7c3d (webtiles) character file.

Game seed: 8676466761090805026

105 tizbic2 the Sneak (level 4, -2/42 HPs)
             Began as a Naga Berserker on Oct 24, 2023.
             Was a Believer of Trog.
             Killed by divine providence
             ... invoked by an orc priest
              (14 damage)
             ... on level 2 of the Dungeon.
             The game lasted 00:07:22 (1492 turns).

tizbic2 the Sneak (Naga Berserker)                  Turns: 1492, Time: 00:07:22

Health: -2/42      AC:  4    Str: 20    XL:     4   Next: 83%
Magic:  1/1        EV:  9    Int:  7    God:    Trog [**....]
Gold:   89         SH:  0    Dex: 12    Spells: 3/3 levels left

rFire   . . .        a - +1 short sword (antimagic)
rCold   . . .        (no shield)
rNeg    . . .        n - +0 leather armour
rPois   +            (no helmet)
rElec   .            c - +0 cloak
rCorr   .            (no gloves)
SInv    +            (no barding)
Will    .....        (no amulet)
Stlth   ++           (no ring)
HPRegen 0.27/turn    (no ring)
MPRegen 0.07/turn

%: no passive effects
@: short of breath, very slow
A: AC +1, large, see invisible, deformed body, poison resistance, slowness 2,
spit poison 1, naga tail 1
a: Spit Poison, Renounce Religion, Berserk, Trog's Hand


You were on level 2 of the Dungeon.
You worshipped Trog.
Trog was pleased with you.
You visited 1 branch of the dungeon, and saw 2 of its levels.

You collected 89 gold pieces.

Inventory:

Hand Weapons
 a - a +1 antimagic short sword (weapon)
 w - a +0 dagger of venom
Armour
 c - a +0 cloak (worn)
 i - a +0 scale mail
 n - a +0 leather armour (worn)
Jewellery
 h - an amulet of magic regeneration
Scrolls
 k - a scroll of enchant armour {unknown}
 l - a scroll of blinking {unknown}
 m - a scroll of amnesia {unknown}
 p - a scroll of brand weapon
Potions
 b - 2 potions of mutation {unknown}
 d - a potion of haste
 e - 2 potions of might
 f - a potion of lignification {unknown}
 g - 2 potions of curing
 j - a potion of attraction {unknown}


   Skills:
 + Level 3.5 Fighting
 * Level 4.0 Short Blades
 - Level 1.5 Armour
 - Level 1.5 Dodging
 * Level 4.2 Stealth


You had 3 spell levels left.
You didn't know any spells.
Your spell library was empty.

Dungeon Overview and Level Annotations

Branches:
Dungeon (2/15)

Altars:
Elyvilon


Innate Abilities, Weirdness & Mutations

Your serpentine skin is tough. (AC +1)
You have supernaturally acute eyesight. (SInv)
Armour fits poorly on your strangely shaped body.
Your system is resistant to poisons. (rPois)
You cover ground very slowly.
You can spit poison.
You have a snake-like lower body.


Message History

You hit the orc priest.
The orc priest is moderately wounded.
The orc priest barely misses you.
You hit the orc priest but do no damage.
The orc priest is moderately wounded.
You have got your breath back.
The orc priest hits you with a +0 club.
You barely miss the orc priest.
The orc priest is lightly wounded.
You hit the orc priest.
The orc priest is moderately wounded.
The orc priest hits you with a +0 club.
You hit the orc priest but do no damage.
The orc priest is moderately wounded.
The orc priest closely misses you.
You hit the orc priest but do no damage.
The orc priest is moderately wounded.
The orc priest hits you with a +0 club.
Aiming: Spit Poison (1% risk of failure)
Press: ? - help, Q - select action, (/) - cycle Shift-Dir - straight line, f/p - orc priest
Aim: an orc priest, wielding a +0 club and wearing a +0 chain mail (moderately wounded, 70% to hit)
The splash of poison misses the orc priest.
The orc priest hits you with a +0 club.
You hit the orc priest but do no damage.
The orc priest is moderately wounded.
The orc priest hits you with a +0 club.
You hit the orc priest but do no damage.
The orc priest is moderately wounded.
You hit the orc priest.
The orc priest is heavily wounded.
The orc priest hits you with a +0 club.
You hit the orc priest.
The orc priest is severely wounded.
The orc priest hits you with a +0 club.
* * * LOW HITPOINT WARNING * * *
You hit the orc priest but do no damage.
The orc priest is severely wounded.
The orc priest invokes the aid of Beogh against you.
Beogh smites you!
You die...

# #..# .... #
#..#..# .#
####....## .#
.>..†....# >#
......##...# .#
......<...## #.##
#########.# #.)#
# # #o# # #@#
##.# #.# ##.#
.######.####.#
##.#
.........<..!#
#.#
#######.######
#.# #.# #.#####
#.# #.#...# #.#
#.#...#########.#


You could see an orc priest.

Vanquished Creatures
  3 gnolls (D:2)
  An adder (D:2)
  2 dart slugs
  3 orcs (D:2)
  4 ball pythons
  5 bats
  6 endoplasms
  3 goblins (D:1)
  6 hobgoblins
  8 jackals (D:1)
  2 quokkas (D:2)
  3 frilled lizards (D:2)
  3 kobolds
  7 rats
56 creatures vanquished.

Notes
Turn   | Place    | Note
-------+----------+-------------------------------------------
     0 | D:1      | tizbic2 the Naga Berserker began the quest for the Orb.
     0 | D:1      | Reached XP level 1. HP: 21/21 MP: 1/1
    74 | D:1      | Reached skill level 1 in Stealth
    83 | D:1      | Reached XP level 2. HP: 17/28 MP: 2/2
   460 | D:1      | Reached XP level 3. HP: 33/34 MP: 3/3
   485 | D:1      | Reached ** piety under Trog
  1020 | D:2      | Reached XP level 4. HP: 16/42 MP: 4/4
  1232 | D:2      | Found a white marble altar of Elyvilon.
  1492 | D:2      | Killed from afar by an orc priest

Illustrated notes

Levels and vault maps discovered:
D:1:      eino_arrival_cavern_a, layout_rooms
D:2:      layout_loops_ring, basic_altar

Skill      XL: |  1  2  3  4 |
---------------+-------------+-----
Stealth        | 1 2 3 4 |  4.2
Short Blades   | 4 |  4.0
Fighting       | |  3.5
Armour         | |  1.5
Dodging        | |  1.5

Action                     |  1- 3 |  4- 6 || total
---------------------------+-------+-------++-------
  Melee: Short sword       |    45 |    30 ||    75
         Punch             |     2 |       ||     2
         Dagger            |    72 |    31 ||   103
 Invoke: Trog's Hand       |     1 |       ||     1
Ability: Spit Poison       |    25 |     6 ||    31
    Use: Scroll            |     1 |     3 ||     4
   Stab: Sleeping          |       |     2 ||     2
 Armour: Animal skin       |    23 |       ||    23
         Scale mail        |    10 |     1 ||    11
         Leather armour    |       |     9 ||     9
  Dodge: Dodged            |    64 |    21 ||    85
